 Dungeon Sprint DCSS version 0.31-a0-18-gea43df2a32 (webtiles) character file.

Game seed: 8049992873156705255

4092 sircluck the Brawler (level 10, -4/169 HPs)
             Began as a Troll Berserker on May 10, 2023.
             Was a High Priest of Trog.
             Slain by an unseen horror (6 damage)
             ... in the Dungeon (Sprint II: "The Violet Keep of Menkaure").
             The game lasted 00:05:21 (737 turns).

sircluck the Brawler (Troll Berserker)               Turns: 737, Time: 00:05:21

Health: -4/169     AC:  3    Str: 31    XL:     10   Next: 5%
Magic:  9/9        EV: 12    Int:  1    God:    Trog [*****.]
Gold:   197        SH:  0    Dex:  9    Spells: 9/9 levels left

rFire   . .          .
                       - Unarmed
rCold   . . .        (no shield)
rNeg    . . .        a - +0 animal skin
rPois   .            (helmet restricted)
rElec   .            (no cloak)
rCorr   .            (gloves unavailable)
SInv    .            (boots unavailable)
Will    .....        (no amulet) Stlth
                     i - ring of flight
HPRegen 1.28/turn    (no ring)
MPRegen 0.11/turn

%: no teleportation, random rage (3%)
@: berserking, flying, very quick
A: large, unfitting armour, claws 3, regeneration 1, shaggy fur 1, tough skin 1,
horns 1, berserk 1, deformed body, dopey 1
a: Renounce Religion, Berserk, Trog's Hand, Brothers in Arms


You were in the Dungeon.
You worshipped Trog.
Trog was extremely pleased with you.
You visited 1 branch You collected 1152 gold pieces.
You spent 955 gold pieces at shops.

Inventory:

Armour
 a - a +0 animal skin (worn)
Jewellery
 i - a ring of flight (left claw)
Scrolls
 g - a scroll of blinking
 h - a scroll of acquirement
Potions
 b - a potion of curing
 d - a potion of haste
 e - 2 potions of magic
 f - a potion of berserk rage


   Skills:
 + Level 11.0 Fighting
 + Level 11.1 Dodging
 + Level 0.2 Stealth
 + Level 15.6 Unarmed Combat


You had 9 spell levels left.
You didn't know any spells.
Your spell library was empty.

Dungeon Overview and Level Annotations

Branches:
Dungeon (1/1)

Altars:
Cheibriados
Dithmenos
Elyvilon
Fedhas
Hepliaklqana
Kikubaaqudgha
Makhleb
Nemelex Xobeh
Qazlal
Ru
Sif Muna
Trog
Uskayaw
Vehumet
Wu Jian
Xom
Yredelemnul
Zin
The Shining One
Jiyva
Lugonu

Shops:
D ![:?:*==:[!=[([

Annotations:
D exclusion: oklob plant


Innate Abilities, Weirdness & Mutations

You are too large for most types of armour.
You have claws for hands.
Your natural rate of healing is unusually fast.
You are covered in fur. (AC +1)
You have tough skin. (AC +1)
You have a pair of small horns on your head.
You sometimes lose your temper in combat.
Armour fits poorly on your strangely shaped body.
You are dopey. (Int -2)


Message History

You see here 81 gold pieces.
You closely miss something. Your headbutt misses something. Something hits you!
Something hits you. Something hits you! Something hits you.
You closely miss something. You headbutt something! Something hits you!
Something barely misses you.
You closely miss something. Something hits you. Something hits you!
Something hits you.
You miss something. Something hits you. Something hits you!
* * * LOW HITPOINT WARNING * * *
You miss something. Something hits you!
* * * LOW HITPOINT WARNING * * *
Something hits you.
* * * LOW HITPOINT WARNING * * *
Something hits you.
* * * LOW HITPOINT WARNING * * *
You scratch something. Something hits you.
* * * LOW HITPOINT WARNING * * *
Something hits you!
* * * LOW HITPOINT WARNING * * *
You feel much better. Something hits you.
* * * LOW HITPOINT WARNING * * *
Something hits you but does no damage. Something hits you.
* * * LOW HITPOINT WARNING * * *
Something hits you but does no damage.
A red film seems to cover your vision as you go berserk!
You feel yourself moving faster!
You feel mighty! Something hits you.
* * * LOW HITPOINT WARNING * * *
Something hits you.
* * * LOW HITPOINT WARNING * * *
Something hits you!
* * * LOW HITPOINT WARNING * * *
You feel a strong urge to attack something.
Something hits you!
* * * LOW HITPOINT WARNING * * *
Something hits you.
* * * LOW HITPOINT WARNING * * *
You see here a +0 sling.
Something hits you.
You die...

####+#### ##≈≈○≈§≈≈##
##≈○≈§§§≈≈≈##
+≈≈°≈§≈§≈≈§≈##++##
###≈≈○≈○§§≈≈##≈.^.### #~##
§≈S§≈ #e≈.§^..#
###~~#+++#+++#####....#
##~~~....†....#$@'....#
∩#~~~~.##+##..#.)####.#
.#~~~~##.#.##.####..'.###
∩#~~~~#..#..#....#..#...#
.#~~####.#.####..#####..#
.#~##.###'###.##†.#..'..#
.#~#..###.##.#.#..#:.#..# #
.'~+##.'.<.†###'..####..##.#
.#~#..###.##.#.#....###...##▓▓


There were no monsters in sight!

Vanquished Creatures
  A great orb of eyes (D)
  2 boulder beetles (D)
  3 shining eyes (D)
  A merfolk siren (D)
  2 wyverns (D)
  A vampire mosquito (D)
  2 water moccasins (D)
  4 scorpions (D)
16 creatures vanquished.

Vanquished Creatures (others)
  Menkaure (D)
1 creature vanquished.

Grand Total: 17 creatures vanquished

Notes
Turn   | Place    | Note
-------+----------+-------------------------------------------
     0 | D        | sircluck the Troll Berserker began the quest for the Orb.
     0 | D        | Reached XP level 1. HP: 22/22 MP: 0/0
     1 | D        | Noticed a boulder beetle
     1 | D        | Noticed a boulder beetle
     5 | D        | Noticed a scorpion
     5 | D        | Noticed a scorpion
     9 | D        | Killed a scorpion
    10 | D        | Reached skill level 5 in Unarmed Combat
    10 | D        | Reached XP level 2. HP: 32/32 MP: 1/1
    10 | D        | Reached XP level 3. HP: 39/39 MP: 2/2
    12 | D        | Killed a scorpion
    13 | D        | Reached skill level 5 in Fighting
    13 | D        | Reached skill level 5 in Dodging
    13 | D        | Reached skill level 6 in Unarmed Combat
    13 | D        | Reached XP level 4. HP: 50/50 MP: 3/3
    14 | D        | Noticed a scorpion
    14 | D        | Noticed a scorpion
    18 | D        | Killed a scorpion
    18 | D        | Reached ** piety under Trog
    19 | D        | Reached skill level 7 in Unarmed Combat
    19 | D        | Reached XP level 5. HP: 59/59 MP: 4/4
    38 | D        | Killed Menkaure
    56 | D        | Noticed a merfolk siren
    73 | D        | Killed a merfolk siren
    74 | D        | Reached skill level 9 in Unarmed Combat
    74 | D        | Reached XP level 6. HP: 44/72 MP: 5/5
    74 | D        | Reached XP level 7. HP: 49/79 MP: 6/6
   117 | D        | Killed a boulder beetle
   117 | D        | Reached *** piety under Trog
   118 | D        | Reached skill level 11 in Unarmed Combat
   118 | D        | Reached XP level 8. HP: 91/91 MP: 7/7
   274 | D        | Killed a boulder beetle
   275 | D        | Reached skill level 12 in Unarmed Combat
   325 | D        | Reached skill level 13 in Unarmed Combat
   325 | D        | Reached XP level 9. HP: 41/101 MP: 8/8
   392 | D        | Reached **** piety under Trog
   393 | D        | Reached skill level 10 in Dodging
   417 | D        | Reached skill level 10 in Fighting
   419 | D        | Found Huogih's Antique Weapon Shoppe.
   419 | D        | Found Famorph's Antique Armour Emporium.
   429 | D        | Found Neclun's Jewellery Shoppe.
   429 | D        | Found Osiygh's Antique Armour Emporium.
   430 | D        | Found Bushry's Distillery.
   431 | D        | Found Ibiho's Book Shoppe.
   431 | D        | Found Ceintesk's Armour Emporium.
   432 | D        | Found Dej Cas's Jewellery Shoppe.
   433 | D        | Found Byco's Jewellery Shoppe.
   433 | D        | Found Pexum's Assorted Antiques.
   433 | D        | Noticed an iron elemental
   437 | D        | Found Pisho's Book Emporium.
   437 | D        | Found Zampo's Magic Scroll Shoppe.
   437 | D        | Noticed an oklob plant
   438 | D        | Found Comaefa's Antique Armour Shoppe.
   438 | D        | Found Vurpheahy's Book Shoppe.
   438 | D        | Found Guloda's Distillery.
   480 | D        | Noticed a cane toad
   480 | D        | Noticed a cane toad
   509 | D        | Bought a scroll of acquirement for 728 gold pieces
   519 | D        | Bought a ring of flight for 227 gold pieces
   558 | D        | Found a glowing silver altar of Zin.
   558 | D        | Found a radiant altar of Vehumet.
   559 | D        | Found a glowing golden altar of the Shining One.
   559 | D        | Found a basalt altar of Yredelemnul.
   559 | D        | Found a hide-covered altar of Uskayaw.
   559 | D        | Found a sparkling altar of Nemelex Xobeh.
   560 | D        | Found a shimmering altar of Xom.
   560 | D        | Found a bloodstained altar of Trog.
   560 | D        | Found a burning altar of Makhleb.
   561 | D        | Found an ornate altar of the Wu Jian Council.
   561 | D        | Found a shimmering blue altar of Sif Muna.
   561 | D        | Found a corrupted altar of Lugonu.
   561 | D        | Found a blossoming altar of Fedhas.
   563 | D        | Found a sacrificial altar of Ru.
   563 | D        | Found an ancient bone altar of Kikubaaqudgha.
   563 | D        | Found a white marble altar of Elyvilon.
   564 | D        | Found a stormy altar of Qazlal.
   564 | D        | Found a viscous altar of Jiyva.
   564 | D        | Found a shadowy altar of Dithmenos.
   565 | D        | Found a hazy altar of Hepliaklqana.
   565 | D        | Found a snail-covered altar of Cheibriados.
   568 | D        | Noticed a great orb of eyes
   573 | D        | Paralysed by a great orb of eyes for 5 turns
   580 | D        | Killed a great orb of eyes
   581 | D        | Reached skill level 14 in Unarmed Combat
   627 | D        | Noticed a shining eye
   627 | D        | Noticed a shining eye
   627 | D        | Noticed a shining eye
   629 | D        | Gained mutation: Armour fits poorly on your strangely
                  | shaped body. [a shining eye]
   629 | D        | Gained mutation: You sometimes lose your temper in combat.
                  | [a shining eye]
   630 | D        | Gained mutation: You have a pair of small horns on your
                  | head. [a shining eye]
   631 | D        | Killed a shining eye
   631 | D        | Gained mutation: You are dopey. (Int -2) [a shining eye]
   634 | D        | Killed a shining eye
   634 | D        | Reached ***** piety under Trog
   635 | D        | Reached skill level 15 in Unarmed Combat
   640 | D        | Killed a shining eye
   641 | D        | Reached XP level 10. HP: 113/113 MP: 9/9
   648 | D        | Noticed a deep elf master archer
   733 | D        | HP: 2/113 [something (10)]
   737 | D        | Slain by an unseen horror

Illustrated notes

Levels and vault maps discovered:
D:        the_violet_keep_of_menkaure [sprint2_stairs_cluster_1,
          sprint2_shoproom, sprint2_temple, sprint2_basic_supplies,
          sprint2_obstacle_7, sprint2_obstacle_2, sprint2_obstacle_5,
          sprint2_obstacle_1, sprint2_obstacle_3, sprint2_timed_cluster_1,
          sprint2_smallroom_cluster_1, sprint2_smallroom_final_cluster_1,
          sprint2_transparent_cluster_1, sprint2_second_timed_cluster_1,
          sprint2_sniper_area_1, sprint2_heavy_combat_area_1,
          sprint2_mutation_trap_area_1, sprint2_forest_area_1,
          sprint2_light_combat_area_1, sprint2_behind_water_1,
          sprint2_near_end_vault_1]

Skill      XL: |  1  2  3  4  5  6  7  8  9 |
---------------+----------------------------+-----
Fighting       | 4 5 7 8 9 11 | 11.0
Dodging        | 4 5 7 8 9 11 | 11.1
Unarmed Combat | 5 6 7 9 11 13 15 | 15.6
Stealth        | |  0.2

Action                     |  1- 3 |  4- 6 |  7- 9 | 10-12 || total
---------------------------+-------+-------+-------+-------++-------
  Melee: Unarmed           |     6 |    21 |    52 |     7 ||    86
         Punch             |     2 |       |     5 |       ||     7
         Headbutt          |       |       |     5 |     1 ||     6
 Invoke: Berserk           |     1 |       |     2 |     1 ||     4
    Use: Potion            |       |       |       |     1 ||     1
 Armour: Animal skin       |       |     1 |     2 |     4 ||     7
  Dodge: Dodged            |     2 |     4 |    12 |     3 ||    21

Table legend: (Time is in decaauts)
 A = Elapsed time spent in this place.
 B = Non-inter-level travel time spent in this place.
 C = Inter-level travel time spent in this place.
 D = Time resting spent in this place.
 E = Time spent auto-exploring this place.
 F = Levels seen in this place.
 G = Mean time per level.
                   A        B        C        D        E       F      G
               +--------+--------+--------+--------+--------+-----+--------+
         Total |    739 |    698 |     41 |    290 |    130 |   1 |  739.0 |
       Dungeon |    739 |    698 |     41 |    290 |    130 |   1 |  739.0 |
               +--------+--------+--------+--------+--------+-----+--------+

Top non-repeatable levels by time:
       D: 739 daAuts
